 Dungeon Crawl Stone Soup version 0.28-a0-563-gf77a47075d (webtiles) character file.

Game seed: 13918417093341004216

121 miscthings the Firebug (level 5, -1/41 HPs)
             Began as a Barachi Cinder Acolyte on Sept 29, 2021.
             Was a High Priest of Ignis.
             Frozen to death by an endoplasm (3 damage)
             ... on level 2 of the Dungeon.
             The game lasted 00:01:46 (1534 turns).

miscthings the Firebug (Barachi Cinder Acolyte)     Turns: 1534, Time: 00:01:47

Health: -1/41      AC:  2    Str: 15    XL:     5   Next: 5%
Magic:  0/10       EV: 11    Int: 15    God:    Ignis [*****.]
Gold:   86         SH:  0    Dex:  8    Spells: 8/10 levels left

rFire   + . .      SeeInvis .   d - +1 dagger (flame)
rCold   . . .      Faith    .   (no shield)
rNeg    . . .      Spirit   .   b - +0 robe
rPois   .          Reflect  .   (no helmet)
rElec   .          Harm     .   (no cloak)
rCorr   .          Rampage  .   (no gloves)
Will    +....                   (no boots)
Stlth   +.........              (no amulet)
HPRegen 0.13/turn               h - ring of willpower
MPRegen 0.12/turn               (no ring)

@: unable to hop, slow
A: amphibious, slowness 1, strong legs 1, +LOS
a: Hop, Renounce Religion, Sea of Fire, Foxfire Swarm, Rising Flame


You were on level 2 of the Dungeon.
You worshipped Ignis.
Ignis was extremely pleased with you.
You visited 1 branch of the dungeon, and saw 2 of its levels.

You collected 86 gold pieces.

Inventory:

Hand Weapons
 a - a -1 falchion of flaming
 d - a +1 dagger of flaming (weapon)
Armour
 b - a +0 robe (worn)
Jewellery
 h - a ring of willpower (left hand)
 l - a +6 ring of strength
Scrolls
 c - a scroll of torment {unknown}
 f - a scroll of holy word {unknown}
 j - a scroll of immolation {unknown}
 k - a scroll of fear {unknown}
Potions
 e - a potion of curing {unknown}
 g - a potion of degeneration {unknown}
 i - a potion of heal wounds {unknown}


   Skills:
 - Level 3.6 Fighting
 - Level 3.6 Long Blades
 + Level 3.4 Spellcasting
 + Level 4.9 Fire Magic


You had 8 spell levels left.
You knew the following spells:

 Your Spells              Type           Power      Damage    Failure   Level
a - Scorch                Fire           34%        2d6       3%          2

Your spell library contained the following spells:

 Spells                   Type           Power      Damage    Failure   Level


Dungeon Overview and Level Annotations

Branches:
Dungeon (2/15)

Altars:


Innate Abilities, Weirdness & Mutations

You are amphibious.
You cover ground slowly.
You can hop short distances.
You have an extended range of vision and can be seen from far away.


Message History

The endoplasm is almost dead.
You barely miss the endoplasm.
The endoplasm is almost dead.
The endoplasm closely misses you.
You hit the endoplasm. You burn the endoplasm.
You kill the endoplasm!
Casting: Scorch (safe; 4% risk of failure)
Confirm with . or Enter, or press ? or * to list all spells.
Flames lash the jelly.
The jelly is heavily wounded.
The jelly's fire resistance burns away.
The jelly hits you.
You are splashed with acid!
Casting: Scorch (safe; 4% risk of failure)
Confirm with . or Enter, or press ? or * to list all spells.
You don't have enough magic to cast this spell.
Things that are here:
a +0 dagger; 4 stones The jelly hits you.
* * * LOW HITPOINT WARNING * * *
You are splashed with acid.
* * * LOW HITPOINT WARNING * * *
Casting: Scorch (safe; 4% risk of failure)
Confirm with . or Enter, or press ? or * to list all spells.
Flames lash the jelly.
The jelly is burned terribly!
You kill the jelly!
You have reached level 5!
Hop to where?
Press: ? - help, Q - select action, (/) - cycle Dir - move target 2 endoplasms come into view.
Found a rat skeleton, a goblin skeleton and 2 sedimented black potions.
Boing!
The endoplasm quivers.
The endoplasm hits you but does no damage.
The endoplasm freezes you.
You are frozen.
* * * LOW HITPOINT WARNING * * *
You close the door.
The endoplasm freezes you.
You are frozen.
You die...

.....###....#
#<##.........
########....#
########..###
........#'###
###############.###
#######.#.#
#.P.P..÷.!##......#
#.#.#
#.÷.......##.##)..#
#.#.#
#÷....P÷..##.#....#
#.#.#
#÷........##.#....#
#.#.#
#.J.......##.#.<..#
#.#.#
#.@J....P.##.#....#
#.#.#
##+#########.#..#.#
#.#.#
##J.)...###.#..#.#
#.#
########.##.#.##..
..#
#....'..###....#..
#...)#### ######..
#.......# #.#
#.......# #.#
#.......# #)#


You could see 2 endoplasms.

Vanquished Creatures
  2 jellies (D:2)
  An adder (D:2)
  2 dart slugs
  2 ball pythons (D:2)
  2 bats
  8 endoplasms
  5 goblins
  A hobgoblin (D:1)
  3 quokkas
  6 frilled lizards
  10 kobolds
  3 rats
45 creatures vanquished.

Vanquished Creatures (others)
  6 fungi
  2 plants (D:1)
  8 toadstools (D:2)
16 creatures vanquished.

Grand Total: 61 creatures vanquished

Notes
Turn   | Place    | Note
-------+----------+-------------------------------------------
     0 | D:1      | miscthings the Barachi Cinder Acolyte began the quest for
                  | the Orb.
     0 | D:1      | Reached XP level 1. HP: 18/18 MP: 2/2
   464 | D:1      | Reached XP level 2. HP: 16/24 MP: 2/4
   467 | D:1      | Learned a level 2 spell: Scorch
   817 | D:1      | Found a faded altar of an unknown god.
   934 | D:2      | Reached XP level 3. HP: 23/29 MP: 3/6
   950 | D:2      | Reached skill level 4 in Fire Magic
  1511 | D:2      | Reached XP level 4. HP: 28/36 MP: 2/8
  1532 | D:2      | Reached XP level 5. HP: 4/41 MP: 0/10
  1533 | D:2      | HP: 1/41 [frozen (3)]
  1534 | D:2      | Frozen to death by an endoplasm

Illustrated notes

Levels and vault maps discovered:
D:1:      dpeg_arrival_central, layout_rooms,
          shapermc_ecumenical_altar_acropolis
D:2:      cheibrodos_fertilizer, layout_basic, serial_shops, shop

Skill      XL: |  1  2  3 |
---------------+----------+-----
Spellcasting   | 2 3 |  3.4
Fire Magic     | 4 |  4.9
Fighting       | |  3.6
Long Blades    | |  3.6

Action                   |  1- 3 |  4- 6 || total
-------------------------+-------+-------++-------
Melee: Falchion          |    30 |       ||    30
       Dagger            |    51 |    16 ||    67
 Cast: Scorch            |    19 |     2 ||    21
 Abil: Hop               |       |     1 ||     1
Armor: Robe              |     9 |     1 ||    10
Dodge: Dodged            |    43 |     6 ||    49

Table legend: (Time is in decaauts)
 A = Elapsed time spent in this place.
 B = Non-inter-level travel time spent in this place.
 C = Inter-level travel time spent in this place.
 D = Time resting spent in this place.
 E = Time spent auto-exploring this place.
 F = Levels seen in this place.
 G = Mean time per level.
                   A        B        C        D        E       F      G
               +--------+--------+--------+--------+--------+-----+--------+
         Total |   1692 |   1662 |     30 |    560 |    820 |   2 |  846.0 |
       Dungeon |   1692 |   1662 |     30 |    560 |    820 |   2 |  846.0 |
               +--------+--------+--------+--------+--------+-----+--------+

Top non-repeatable levels by time:
     D:1: 998 daAuts
     D:2: 694 daAuts
